 Dungeon Crawl Stone Soup version 0.26-a0-651-gb41185065b (webtiles) character file.

Game seed: 13896454625012532356

68752 Flugslaktarn the Cleaver (level 14, -4/139 HPs)
             Began as a Deep Dwarf Fighter on Oct 11, 2020.
             Was the Champion of Makhleb.
             Slain by a salamander
             ... wielding a +4 halberd of freezing
              (9 damage)
             ... on level 2 of the Snake Pit.
             The game lasted 00:10:27 (13214 turns).

Flugslaktarn the Cleaver (Deep Dwarf Fighter)      Turns: 13214, Time: 00:10:28

Health: -4/139     AC: 24    Str: 20    XL:     14   Next: 87%
Magic:  6/6        EV: 12    Int:  8    God:    Makhleb [******]
Gold:   2121       SH: 13    Dex: 16    Spells: 13/13 levels left

rFire    . . .     SeeInvis .   s - +8 broad axe (freeze)
rCold    + . .     Faith    .   L - +2 kite shield
rNeg     + . .     Spirit   .   H - +1 chain mail {rPois}
rPois    +         Reflect  .   b - +2 helmet
rElec    +         Harm     .   a - +1 cloak
rCorr    .         Rampage  .   N - +0 pair of gloves
MR       +++..                  m - +2 pair of boots
Stlth    ..........             (no amulet)
HPRegen  0.00/turn              c - ring of protection from cold
MPRegen  0.10/turn              K - ring of Propriety {rElec MR+ Int-2 Stlth+}

@: lethally poisoned (-4 -> -12), non-regenerating
A: damage resistance, heal wounds, negative energy resistance 1, sense
surroundings 2, no regeneration
a: Heal Wounds, Minor Destruction, Lesser Servant of Makhleb, Major Destruction,
Greater Servant of Makhleb, Renounce Religion


You were on level 2 of the Snake Pit.
You worshipped Makhleb.
Makhleb was exalted by your worship.
You visited 3 branches of the dungeon, and saw 21 of its levels.
You also visited: Ossuary and Ice Cave.

You collected 2510 gold pieces.
You spent 389 gold pieces at shops.

Inventory:

Hand Weapons
 s - a +8 broad axe of freezing (weapon)
   (You acquired it on level 13 of the Dungeon)
Missiles
 y - 4 throwing nets (quivered)
Armour
 a - a +1 cloak (worn)
   (You found it on level 9 of the Dungeon)
 b - a +2 helmet (worn)
   (You found it on level 2 of the Lair of Beasts)
 m - a +2 pair of boots (worn)
   (You found it on level 13 of the Dungeon)
 n - a +0 plate armour
   (You found it on level 4 of the Dungeon)
 H - a +1 chain mail of poison resistance (worn)
   (You took it off Urug on level 4 of the Lair of Beasts)
 L - a +2 kite shield (worn)
   (You found it on level 15 of the Dungeon)
 M - a +0 tower shield
   (You took it off Louise on level 15 of the Dungeon)
 N - a +0 pair of gloves (worn)
   (You found it on level 3 of the Lair of Beasts)
Jewellery
 c - a ring of protection from cold (left hand)
   (You found it on level 4 of the Lair of Beasts)
 i - an uncursed ring of see invisible
   (You found it on level 4 of the Dungeon)
 K - the ring of Propriety (right hand) {rElec MR+ Int-2 Stlth+}
   (You acquired it on level 15 of the Dungeon)

   [ring of protection from magic]

   It affects your intelligence (-2).
   It insulates you from electricity.
   It affects your resistance to hostile enchantments.
   It makes you more stealthy.
Wands
 g - a wand of digging (22)
   (You found it on level 5 of the Dungeon)
 k - a wand of enslavement (18)
   (You found it on level 8 of the Dungeon)
 D - a wand of iceblast (5)
   (You found it on level 12 of the Dungeon)
 E - a wand of paralysis (9)
   (You took it off a centaur on level 15 of the Dungeon)
Scrolls
 l - 4 scrolls of magic mapping
 o - a scroll of immolation
 p - 5 scrolls of fear
 r - 9 scrolls of identify
 t - 6 scrolls of teleportation
 x - 11 scrolls of remove curse
 z - a scroll of blinking
 G - a scroll of fog
Potions
 d - 3 potions of might
 e - 3 potions of lignification
 f - 4 potions of flight
 h - 2 potions of haste
 q - 13 potions of curing
 v - 5 potions of cancellation
 w - a potion of heal wounds
 A - 4 potions of ambrosia
 B - 6 potions of invisibility
 J - 2 potions of mutation
Miscellaneous
 F - a condenser vane (2/2)
   (You bought it in a shop on level 15 of the Dungeon)


   Skills:
 * Level 12.8 Fighting
 * Level 14.7 Axes
 + Level 11.2 Armour
 + Level 9.3 Dodging
 + Level 7.0 Shields
 + Level 11.9 Invocations
 + Level 9.4 Evocations


You had 13 spell levels left.
You didn't know any spells.
Your spell library was empty.

Dungeon Overview and Level Annotations

Branches:
Dungeon (15/15)            Temple (0/1) D:6            Lair (4/6) D:9
  Swamp (0/4) Lair:2        Snake (2/4) Lair:4          Orc (0/2) D:9
 Vaults (0/5) D:14         Depths (0/5) D:15        Ossuary (visited)
  IceCv (visited)

Altars:
Ashenzari
Cheibriados
Fedhas
Hepliaklqana
Kikubaaqudgha
Makhleb
Nemelex Xobeh
Ru
Uskayaw
Vehumet
Wu Jian
Xom

Shops:
D:4 [   D:6 *   D:11 *   D:13 [   D:15 (}}

Annotations:
D:7 3 runed translucent doors, Finra's ghost, novice MiFi


Innate Abilities, Weirdness & Mutations

You are resistant to damage.
You can heal yourself by infusing magical energy.
You resist negative energy. (rN+)
You passively map the area around you.
You do not regenerate.


Message History

You block the salamander's attack. The nagaraja hits you!
* * * LOW HITPOINT WARNING * * *
You block the nagaraja's attack.
You feel much better.
You feel sick.
The nagaraja hits you from afar with a +0 halberd.
The salamander hits you from afar with a +4 halberd of freezing.
* * * LOW HITPOINT WARNING * * *
You are engulfed in flames!
* * * LOW HITPOINT WARNING * * *
The salamander freezes you.
The nagaraja gestures at you while chanting.
You resist with almost no effort. The salamander hits you!
* * * LOW HITPOINT WARNING * * *
You are engulfed in flames!
* * * LOW HITPOINT WARNING * * *
The nagaraja closely misses you.
The salamander hits you from afar with a +4 halberd of freezing!
* * * LOW HITPOINT WARNING * * *
You are engulfed in flames!
You die...

*, , ..,, ,, , , . ,, .,
, , #.##### ####.#...# *
.........#### * , ,
#..NN....# * * , ** **
#...N### ,, *** *
#...N@)# , , ,, #...##)#
*, * #... #)# # #... #(#
,.# * ##########.# ,..#
**, , ###### #...#
#...(##...## *
.....###...###...(.......
, ,
..(....#..........####...
, ....)......######(# *
,, *


You could see 2 nagarajas and 2 salamanders.

Vanquished Creatures
  A fire giant (D:15)
  Louise (D:15)
  An ogre mage (D:14)
  Fannar (Lair:2)
  2 naga warriors (Snake:2)
  3 vault guards (D:14)
  2 hydras
  2 centaur warriors
  2 anacondas
  6 two-headed ogres
  A tengu warrior (D:15)
  4 naga sharpshooters
  4 shock serpents
  Urug (Lair:4)
  2 deep elf knights (D:14)
  7 unseen horrors
  2 naga ritualists
  3 mana vipers (Snake:1)
  2 orc knights
  3 salamanders (Snake:2)
  8 ugly things (D:14)
  A cyclops (D:13)
  14 black mambas
  6 elephants (Lair:2)
  A guardian serpent (Snake:2)
  2 naga magi
  6 cane toads
  4 torpor snails (Lair:3)
  A komodo dragon (Lair:3)
  2 kobold demonologists
  An efreet (D:14)
  2 rime drakes (IceCv)
  A freezing wraith (D:15)
  A tengu conjurer (D:15)
  A troll (D:14)
  A wolf spider simulacrum (D:15)
  3 blink frogs (Lair:4)
  A slime creature (D:14)
  10 hippogriffs
  2 centaur simulacra
  A shadow (D:15)
  2 wraiths
  22 yaks
  A vampire (D:15)
  2 wyverns
  2 basilisks
  A steam dragon (D:8)
  4 vampire mosquitoes (D:14)
  13 nagas
  2 soldier ants
  6 porcupines
  4 water moccasins
  11 ice beasts (IceCv)
  An ice beast (shapeshifter) (D:15)
  10 orc warriors
  A swamp drake (D:9)
  4 phantoms
  3 black bears
  2 eyes of draining
  A sky beast (D:5)
  7 ogres
  A hornet zombie (D:10)
  A necrophage (D:13)
  3 wolves (Lair:3)
  15 centaurs
  A big kobold (D:9)
  3 crocodiles
  A bullfrog (shapeshifter) (D:13)
  22 bullfrogs
  5 water moccasin zombies (Ossuary)
  6 scorpions
  7 killer bees (D:11)
  10 wights
  6 howler monkeys
  3 centaur zombies
  5 hounds
  2 quasits
  3 bullfrog zombies
  3 jellies
  11 orc priests
  4 centaur skeletons
  18 orc wizards
  A bullfrog skeleton (D:12)
  4 iguanas
  6 worker ants
  A killer bee zombie (D:10)
  A big kobold zombie (Ossuary)
  A hound zombie (D:9)
  3 hound skeletons
  2 mummies (Ossuary)
  2 worker ant zombies (D:5)
  4 adders
  3 shadow imps
  2 white imps
  2 ufetubi (D:7)
  An ooze (D:3)
  2 adder skeletons
  6 adder zombies
  2 worms
  2 dart slugs (D:1)
  A leopard gecko (D:9)
  71 orcs
  3 giant cockroaches
  3 gnoll zombies (Ossuary)
  2 goblins (D:1)
  8 hobgoblins
  13 jackals
  3 quokkas
  A bat (D:1)
  5 hobgoblin zombies (Ossuary)
  A jackal zombie (D:5)
  5 kobolds
  3 kobold zombies (Ossuary)
  6 orc zombies (Ossuary)
  A quokka skeleton (D:9)
  3 rats
522 creatures vanquished.

Vanquished Creatures (collateral kills)
  2 hydras (Lair:4)
  2 blink frogs (Lair:4)
  A yak (Lair:3)
  A basilisk (Lair:4)
  A water moccasin (Lair:4)
  A wolf (Lair:3)
  2 wights (D:13)
10 creatures vanquished.

Vanquished Creatures (others)
  A naga (Snake:2)
  An orc (D:9)
  52 fungi
  49 plants
103 creatures vanquished.

Grand Total: 635 creatures vanquished

Notes
Turn   | Place    | Note
-------+----------+-------------------------------------------
     0 | D:1      | Flugslaktarn the Deep Dwarf Fighter began the quest for the
                  | Orb.
     0 | D:1      | Reached XP level 1. HP: 20/20 MP: 1/1
    53 | D:1      | Reached XP level 2. HP: 20/27 MP: 2/2
    99 | D:1      | Found a sparkling altar of Nemelex Xobeh.
   119 | D:2      | Found a hazy altar of Hepliaklqana.
   293 | D:4      | Reached skill level 3 in Axes
   293 | D:4      | Reached XP level 3. HP: 32/34 MP: 2/2
   342 | D:4      | Reached XP level 4. HP: 37/42 MP: 3/3
   364 | D:4      | Reached XP level 5. HP: 40/50 MP: 4/4
   413 | D:4      | Found Disas's Armour Boutique.
   420 | D:4      | Reached skill level 4 in Axes
   517 | D:4      | Bought a +0 pair of boots for 49 gold pieces
   583 | D:4      | Found a radiant altar of Vehumet.
   681 | D:4      | Reached XP level 6. HP: 57/57 MP: 4/4
   969 | D:5      | Entered Level 5 of the Dungeon
  1016 | D:5      | Noticed a sky beast
  1031 | D:5      | Killed a sky beast
  1135 | D:5      | Reached skill level 5 in Axes
  1135 | D:5      | Reached XP level 7. HP: 31/66 MP: 5/5
  1198 | D:5      | Found an ancient bone altar of Kikubaaqudgha.
  1339 | D:5      | Found a burning altar of Makhleb.
  1354 | D:5      | Reached skill level 5 in Fighting
  1370 | D:5      | Became a worshipper of Makhleb the Destroyer
  1464 | D:6      | Reached skill level 5 in Armour
  1470 | D:6      | Reached skill level 1 in Invocations
  1491 | D:6      | Reached skill level 5 in Shields
  1525 | D:6      | Found a staircase to the Ecumenical Temple.
  1605 | D:6      | Found Rut Yvin's Assorted Antiques.
  1637 | D:6      | Found an ornate altar of the Wu Jian Council.
  1736 | D:6      | Reached skill level 6 in Axes
  1736 | D:6      | Reached XP level 8. HP: 43/75 MP: 4/4
  1771 | D:6      | Found a sand-covered staircase.
  1787 | Ossuary  | Entered an ossuary
  1909 | Ossuary  | Reached * piety under Makhleb
  2389 | D:7      | Reached skill level 7 in Axes
  2483 | D:7      | Found a runed translucent gate.
  2483 | D:7      | Found a runed translucent gate.
  2483 | D:7      | Found a runed translucent gate.
  2505 | D:7      | Found a sacrificial altar of Ru.
  2704 | D:7      | Reached ** piety under Makhleb
  2747 | D:7      | Noticed Finra's ghost (novice MiFi)
  3233 | D:8      | Noticed a two-headed ogre
  3244 | D:8      | Killed a two-headed ogre
  3244 | D:8      | Reached skill level 8 in Axes
  3244 | D:8      | Gained mutation: You passively map the area around you.
                  | [Deep Dwarf growth]
  3244 | D:8      | Reached XP level 9. HP: 51/85 MP: 4/6
  3307 | D:8      | Found a hide-covered altar of Uskayaw.
  3413 | D:8      | Reached skill level 1 in Dodging
  3472 | D:8      | Reached skill level 5 in Invocations
  3510 | D:8      | Got a spiked chain mail
  3521 | D:8      | Identified the +2 chain mail "Hinuecsu" {MR- Regen+ MP+9
                  | Dex-4} (You found it on level 8 of the Dungeon)
  4340 | D:9      | Found a staircase to the Lair.
  4350 | D:9      | Reached *** piety under Makhleb
  4351 | D:9      | Reached skill level 9 in Axes
  4356 | D:9      | Reached XP level 10. HP: 83/96 MP: 7/7
  4626 | D:9      | Found a staircase to the Orcish Mines.
  4861 | D:9      | Found a broken altar of Ashenzari.
  4914 | D:9      | Reached **** piety under Makhleb
  4979 | D:9      | Found a snail-covered altar of Cheibriados.
  5274 | D:10     | Entered Level 10 of the Dungeon
  5287 | D:10     | Noticed a two-headed ogre
  5306 | D:10     | Killed a two-headed ogre
  5306 | D:10     | Reached skill level 10 in Axes
  5522 | D:10     | Noticed an unseen horror
  5580 | D:10     | Killed an unseen horror
  5580 | D:10     | Reached XP level 11. HP: 43/106 MP: 9/9
  5647 | D:10     | You fall into a shaft and drop 3 floors!
  5648 | D:13     | Noticed an unseen horror
  5658 | D:13     | Noticed a centaur warrior
  5680 | D:13     | Killed a centaur warrior
  5683 | D:13     | Killed an unseen horror
  5882 | D:12     | Reached ***** piety under Makhleb
  6119 | D:11     | Found Oshraoph's General Store.
  6204 | D:11     | Noticed a two-headed ogre
  6214 | D:11     | Killed a two-headed ogre
  6214 | D:11     | Reached skill level 5 in Dodging
  6214 | D:11     | Reached skill level 1 in Evocations
  6245 | D:11     | Reached skill level 11 in Axes
  6588 | D:11     | Noticed an orc knight
  6613 | D:11     | Killed an orc knight
  7783 | D:13     | Noticed an unseen horror
  7813 | D:13     | Killed an unseen horror
  7846 | D:13     | Reached skill level 10 in Fighting
  7912 | D:13     | Noticed an unseen horror
  7920 | D:13     | Killed an unseen horror
  7991 | D:13     | Reached XP level 12. HP: 110/116 MP: 11/11
  8090 | D:13     | Found Acwu's Armour Shoppe.
  8111 | D:13     | Identified 3 scrolls of acquirement
  8111 | D:13     | Acquired a +2 broad axe of freezing
  8306 | D:14     | Noticed a centaur warrior
  8313 | D:14     | Killed a centaur warrior
  8313 | D:14     | Noticed a six-headed hydra
  8319 | D:14     | Reached ****** piety under Makhleb
  8338 | D:14     | Killed a 16-headed hydra
  8354 | D:14     | Reached skill level 12 in Axes
  8464 | D:14     | Reached skill level 5 in Evocations
  8526 | D:14     | Found a blossoming altar of Fedhas.
  8578 | D:14     | Noticed a vault guard
  8810 | D:14     | Noticed an ogre mage
  8896 | D:14     | Noticed a two-headed ogre
  8896 | D:14     | Noticed a two-headed ogre
  8896 | D:14     | Noticed a two-headed ogre
  8897 | D:14     | Noticed an ogre mage
  8913 | D:14     | Killed a two-headed ogre
  8917 | D:14     | Killed a two-headed ogre
  8923 | D:14     | Killed a two-headed ogre
  8923 | D:14     | Reached skill level 10 in Invocations
  8939 | D:14     | Killed an ogre mage
  8939 | D:14     | Reached XP level 13. HP: 83/127 MP: 11/11
  9144 | D:14     | Found a gate to the Vaults.
  9164 | D:14     | Reached skill level 13 in Axes
  9203 | D:15     | Entered Level 15 of the Dungeon
  9203 | D:15     | Found Jiud's Gadget Shop.
  9205 | D:15     | Bought a condenser vane (2/2) for 340 gold pieces
  9250 | D:15     | Reached skill level 10 in Armour
  9263 | D:15     | Acquired the ring of Propriety {rElec MR+ Int-2 Stlth+}
  9265 | D:15     | Acquired 748 gold pieces
  9408 | D:15     | Found a staircase to the Depths.
  9409 | D:15     | Noticed a fire giant
  9439 | D:15     | HP: 6/127 [fire giant/fireball (41)]
  9447 | D:15     | Killed a fire giant
  9506 | D:15     | Found Uceuluek's Gadget Emporium.
  9530 | D:15     | Found a frozen archway.
  9532 | D:15     | Noticed Louise
  9556 | D:15     | Killed Louise
  9567 | IceCv    | Entered an ice cave
 10233 | D:15     | Found Mugacup's Antique Weapon Emporium.
 10417 | Lair:1   | Entered Level 1 of the Lair of Beasts
 10690 | Lair:2   | Found a shimmering altar of Xom.
 10876 | Lair:2   | Found a staircase to the Swamp.
 10883 | Lair:2   | Noticed Fannar
 10901 | Lair:2   | Killed Fannar
 11124 | Lair:3   | Gained mutation: You resist negative energy. (rN+) [Deep
                  | Dwarf growth]
 11124 | Lair:3   | Reached XP level 14. HP: 108/138 MP: 6/6
 11421 | Lair:3   | Found a snail-covered altar of Cheibriados.
 11433 | Lair:3   | Reached skill level 14 in Axes
 11759 | Lair:4   | Noticed Urug
 11780 | Lair:4   | Killed Urug
 11897 | Lair:4   | Found a staircase to the Snake Pit.
 12679 | Snake:1  | Entered Level 1 of the Snake Pit
 13192 | Snake:2  | Noticed a nagaraja
 13198 | Snake:2  | Noticed a nagaraja
 13214 | Snake:2  | HP: 5/139 [salamander/+4 halberd of freezing (9)]
 13214 | Snake:2  | Slain by a salamander

Illustrated notes

Levels and vault maps discovered:
D:1:      eino_arrival_water_cross, layout_loops_ring,
          nemelex_xobeh_ov_fountains_minmay
D:2:      layout_loops_cross, marbit_many_paths, minitemple,
          overflow_temple_1_default, cheibrodos_gnoll_hut
D:3:      layout_rooms, uniq_robin, uniq_ijyb, uniq_jessica
D:4:      layout_loops_ring, lemuel_doored_altar, serial_shops, shop
D:5:      layout_rooms, lemuel_round_altar, lemuel_statue_altar
D:6:      layout_basic, lemuel_crystal_altar, minmay_temple_entry_tees,
          serial_shops, nicolae_shop_stone, chequers_ossuary_entry_cave,
          corexii_shack
D:7:      layout_layer_cave, hangedman_ru_absence, gammafunk_ghost_icy
D:8:      layout_loops_corners, eat_drink_and_be_merry_uskayaw
D:9:      layout_loops_ring, evilmike_ruin_ashenzari, cheibrodos_worm_habitat,
          due_lair_maze_entry_diamond, erik_orc_1
D:10:     layout_cave_pools, minmay_orc_keep
D:11:     cheibrodos_orc_bank, layout_long_grid, serial_shops,
          kennysheep_little_box
D:12:     layout_loops_cross, chequers_serial_rivers_micro_c
D:13:     layout_rooms, serial_shops, kennysheep_mini
D:14:     layout_roguey, grunt_vaults_entry_fortified, kennysheep_flooded_box
D:15:     grunt_enter_depths_giant_problem, layout_long_grid,
          portal_ice_cave_entry_pillars_1, serial_shops, nicolae_shop_crystal,
          shop_statue, shop, uniq_louise
Lair:1:   layout_loops_ring, wad_woods_river_02
Lair:2:   layout_cave_shapes, swamp_mist_pool, basic_altar, uniq_fannar
Lair:3:   layout_long_grid, kennysheep_snail_temple
Lair:4:   layout_cave_pods, minmay_snake_entry_guardpost_medium, uniq_urug
Snake:1:  layout_gridlike, serial_bayou_shore_b, grunt_megastairs_2,
          uniq_roxanne
Snake:2:  layout_misc_corridors, ebering_ghost_rock_garden

Skill      XL: |  1  2  3  4  5  6  7  8  9 10 11 12 13 14 |
---------------+-------------------------------------------+-----
Fighting       | 3 4 5 6 7 9 10 11 12 | 12.8
Axes           | 3 4 5 6 8 9 10 11 12 13 14 | 14.7
Armour         | 4 5 6 7 8 9 10 11 | 11.2
Shields        | 4 5 6 7 |  7.0
Invocations    | 2 4 5 7 8 10 11 | 11.9
Dodging        | 2 4 5 7 8 9 |  9.3
Evocations     | 3 6 8 9 |  9.4

Action                   |  1- 3 |  4- 6 |  7- 9 | 10-12 | 13-15 || total
-------------------------+-------+-------+-------+-------+-------++-------
Melee: War axe           |    66 |    61 |   225 |   603 |       ||   955
       Hand axe          |       |    53 |   301 |       |       ||   354
       Broad axe         |       |       |       |   233 |   683 ||   916
Invok: Lesser Servant of |       |       |       |       |     5 ||     5
 Abil: Heal Wounds       |     1 |     2 |    17 |    18 |    21 ||    59
Evoke: Wand              |       |       |     1 |     2 |       ||     3
  Use: Scroll            |       |       |    16 |     6 |    17 ||    39
       Potion            |       |       |     1 |       |     4 ||     5
 Stab: Distracted        |       |       |       |       |     4 ||     4
Armor: Scale mail        |     7 |       |       |       |       ||     7
       Chain mail        |    21 |       |    32 |       |    94 ||   147
       Plate armour      |    15 |    70 |   277 |   516 |   248 ||  1126
Dodge: Dodged            |    13 |    14 |    85 |   249 |   219 ||   580
Block: Kite shield       |    35 |    56 |   254 |   549 |   432 ||  1326

Table legend: (Time is in decaauts)
 A = Elapsed time spent in this place.
 B = Non-inter-level travel time spent in this place.
 C = Inter-level travel time spent in this place.
 D = Time resting spent in this place.
 E = Time spent auto-exploring this place.
 F = Levels seen in this place.
 G = Mean time per level.
                   A        B        C        D        E       F      G
               +--------+--------+--------+--------+--------+-----+--------+
         Total |  13390 |  12646 |    744 |     24 |   8706 |  23 |  582.2 |
       Dungeon |  10081 |   9511 |    570 |     24 |   6559 |  15 |  672.1 |
          Lair |   2274 |   2108 |    166 |      0 |   1669 |   4 |  568.5 |
     Snake Pit |    522 |    515 |      7 |      0 |    225 |   2 |  261.0 |
       Ossuary |    264 |    264 |      0 |      0 |     77 |   1 |  264.0 |
      Ice Cave |    248 |    248 |      0 |      0 |    175 |   1 |  248.0 |
               +--------+--------+--------+--------+--------+-----+--------+

Top non-repeatable levels by time:
     D:9: 1156 daAuts
    D:11: 1149 daAuts
    D:14: 1052 daAuts
     D:8: 952 daAuts
  Lair:4: 875 daAuts
     D:7: 873 daAuts
    D:15: 865 daAuts
     D:4: 770 daAuts
    D:12: 759 daAuts
  Lair:3: 746 daAuts
     D:6: 691 daAuts
    D:10: 588 daAuts
  Lair:2: 533 daAuts
    D:13: 507 daAuts
     D:5: 464 daAuts
